AoeStats
← AOELG_bravedave92

Arabia

508609086Analyzed
1v1 RM · 10d ago on Sep 23, 2026· 56m 23s· 2 players
Game mode
Random Map
Map size
Tiny (2 player)
Population
200
Speed
Normal
Resources
Standard
Victory
Conquest
Starting age
Dark Age
Ending age
Imperial Age
RankedLock teamsTeams togetherTeam positionsShared explorationLock speedFull tech treeHidden civsTurbo modeCheats
Victory
Defeat
🇩🇪 Persians · Germany
895
+13
🇺🇾 Danes · Uruguay
819
-13
AOELG_bravedave92
6:57 Loom
9:26 Feudal Age
11:10 Double-Bit Axe
15:13 Horse Collar
21:03 Castle Age
22:22 Bow Saw
24:17 Heavy Plow
24:31 Fletching
25:43 Wheelbarrow
26:48 Hand Cart
27:00 Padded Archer Armor
29:18 Kamandaran
30:11 Gambesons
29:47 Man-at-Arms
30:32 Squires
30:19 Arson
30:07 Man-at-Arms
31:00 Forging
30:49 Bodkin Arrow
30:57 Crossbowman
34:25 Long Swordsman
38:25 Bloodlines
38:31 Forging
39:06 Leather Archer Armor
38:52 Scale Mail Armor
39:17 Ballistics
39:13 Gold Mining
40:09 Iron Casting
45:26 Imperial Age
43:14 Scale Barding Armor
44:02 Chain Mail Armor
44:34 Chain Barding Armor
47:53 Imperial Age
46:26 Thumb Ring
48:59 Stone Mining
50:34 Conscription
50:51 Stone Shaft Mining
51:56 Blast Furnace
50:30 Capped Ram
52:04 Plate Mail Armor
53:37 Crop Rotation
56:22 Citadels
Manuel95
6:08 Loom
10:06 Feudal Age
12:29 Double-Bit Axe
12:29 Horse Collar
15:13 Scale Mail Armor
15:25 Man-at-Arms
17:39 Forging
17:35 Arson
22:07 Castle Age
22:12 Gold Mining
22:58 Bow Saw
23:28 Iron Casting
22:16 Long Swordsman
22:46 Gambesons
24:23 Chain Mail Armor
24:11 Squires
25:57 Pikeman
27:22 Gold Shaft Mining
26:41 Fletching
26:54 Heavy Plow
27:31 Wheelbarrow
29:47 Bodkin Arrow
30:41 Town Watch
32:43 Fervor
32:53 Sanctity
33:14 Hand Cart
33:00 Town Patrol
33:47 Stone Mining
37:09 Redemption
44:08 Imperial Age
41:32 Heated Shot
42:08 Ballistics
41:45 Murder Holes
42:31 Padded Archer Armor
45:14 Thumb Ring
44:31 Elite Skirmisher
44:41 Two-Handed Swordsman
44:42 Elite Varangian Guard
44:43 Halberdier
46:40 Conscription
46:28 Devotion
46:12 Elite Jomsviking
48:18 Chemistry
50:46 Bracer
51:01 Leather Archer Armor
52:24 Northmen's Fury
54:23 Ring Archer Armor
Connection lost

Rejoining the realm…

Still unreachable

The connection could not be restored.

Session expired

The server has moved on; the page needs a fresh start.